 Dungeon Crawl Stone Soup version 0.24-a0-515-gbe7f5e2e8d (webtiles) character file.

Game seed: 12946134115684532192

49583 Inquire the Spear-Bearer (level 14, -12/114 HPs)
             Began as a Mummy Gladiator on July 21, 2019.
             Was an Initiate of Gozag.
             Mangled by a dire elephant (18 damage)
             ... on level 6 of the Lair of Beasts.
             The game lasted 00:40:03 (19946 turns).

Inquire the Spear-Bearer (Mummy Gladiator)         Turns: 19946, Time: 00:40:04

Health: -12/114    AC: 22    Str: 17    XL:     14   Next: 16%
Magic:  17/17      EV: 17    Int: 10    God:    Gozag
Gold:   4604       SH:  0    Dex: 16    Spells: 13/13 levels left

rFire    . . .     SeeInvis .   o - +5 trident (freeze)
rCold    + + +     Gourm    .   (no shield)
rNeg     + + +     Faith    .   D - +4 ring mail {rF+}
rPois    ∞         Spirit   .   c - +2 helmet
rElec    .         Reflect  .   x - scarf {rC+ rF+}
rCorr    .         Harm     .   w - +2 pair of gloves
MR       +....                  y - +2 pair of boots
Stlth    ..........             l - amulet of regeneration
HPRegen  0.69/turn              g - ring of ice
MPRegen  0.15/turn              B - +2 ring of protection

@: silence (expiring), gold aura
A: no food or potions, fire vulnerability, cold resistance 1, negative energy
resistance 3, torment resistance, unbreathing, in touch with death 1
a: Renounce Religion


You were on level 6 of the Lair of Beasts.
You worshipped Gozag.
Gozag was most pleased with you.
You were not hungry.

You visited 4 branches of the dungeon, and saw 22 of its levels.
You also visited: Ice Cave.

You collected 6531 gold pieces.
You spent 1117 gold pieces at shops.
You paid 810 gold pieces to Gozag.

Inventory:

Hand Weapons
 b - a +1 trident of pain
 o - a +5 trident of freezing (weapon)
Missiles
 d - 3 throwing nets
 f - 2 curare-tipped darts (quivered)
 m - 26 boomerangs
Armour
 a - a +2 plate armour of fire resistance
 c - a +2 helmet (worn)
 s - the cursed +0 pair of gloves of Inviolability {rC+ Int+3}
   (You found it on level 2 of the Lair of Beasts)

   It affects your intelligence (+3).
   It protects you from cold.
   It has a curse placed upon it.
 w - a +2 pair of gloves (worn)
 x - a scarf of resistance (worn)
 y - a +2 pair of boots (worn)
 D - a +4 ring mail of fire resistance (worn)
Jewellery
 e - an uncursed ring of flight
 g - a ring of ice (left hand)
 i - an uncursed amulet of the acrobat
 j - an uncursed ring of stealth
 k - an uncursed ring of protection from magic
 l - an amulet of regeneration (around neck)
 p - an uncursed ring of resist corrosion
 q - a +3 ring of strength
 z - an uncursed ring of wizardry
 B - a +2 ring of protection (right hand)
 E - an uncursed ring of fire
Wands
 n - a wand of paralysis (8)
 v - a wand of polymorph (14)
 G - a wand of flame (8)
Scrolls
 h - 5 scrolls of identify
 r - 4 scrolls of immolation
 t - a scroll of amnesia
 u - 5 scrolls of noise
 A - 3 scrolls of remove curse


   Skills:
 + Level 11.7 Fighting
   Level 3.8 Maces & Flails
 * Level 13.1 Polearms
 - Level 1.5 Throwing
 + Level 8.0 Armour
 - Level 9.0 Dodging
 - Level 5.0 Evocations


You had 13 spell levels left.
You didn't know any spells.
Your spell library contained the following spells:

 Spells                   Type           Power        Failure   Level  Hunger
 Infusion                 Chrm           #...         54%         1    N/A
 Magic Dart               Conj           #...         54%         1    N/A
 Summon Small Mammal      Summ           #...         54%         1    N/A
 Blink                    Tloc           N/A          67%         2    N/A
 Call Imp                 Summ           #.......     67%         2    N/A
 Searing Ray              Conj           #.....       67%         2    N/A
 Shroud of Golubria       Chrm/Tloc      #.....       67%         2    N/A
 Song of Slaying          Chrm           #.......     67%         2    N/A
 Call Canine Familiar     Summ           #.......     88%         3    N/A
 Dazzling Spray           Conj/Hex       #.....       88%         3    N/A
 Gell's Gravitas          Tloc           #.........   88%         3    N/A
 Lesser Beckoning         Tloc           #.........   88%         3    N/A
 Spectral Weapon          Hex/Chrm       #.......     88%         3    N/A
 Summon Guardian Golem    Hex/Summ       #.......     88%         3    N/A
 Teleport Other           Tloc           #.......     88%         3    N/A
 Force Lance              Conj/Tloc      #.......     99%         4    N/A
 Fulminant Prism          Conj/Hex       #.........   99%         4    N/A
 Iskenderun's Mystic Bla  Conj           #.......     99%         4    N/A
 Passage of Golubria      Tloc           N/A          99%         4    N/A
 Summon Ice Beast         Ice/Summ       #.......     99%         4    N/A
 Summon Lightning Spire   Summ/Air       #.......     99%         4    N/A
 Regeneration             Chrm/Necr      Unusable     N/A         3    N/A

Dungeon Overview and Level Annotations

Branches:
Dungeon (13/15)            Temple (1/1) D:6            Lair (6/6) D:9
  Snake (0/4) Lair:4        Slime (0/5) Lair:5          Orc (2/2) D:10
    Elf (0/3) Orc:2
  Swamp: Lair:2-4    Shoals: Lair:2-4    Vaults: D:13-14

Altars:
Ashenzari
Cheibriados
Dithmenos
Elyvilon
Fedhas
Gozag
Hepliaklqana
Kikubaaqudgha
Makhleb
Nemelex Xobeh
Okawaru
Qazlal
Ru
Sif Muna
Trog
Uskayaw
Vehumet
Wu Jian
Xom
Yredelemnul
Zin
The Shining One

Shops:
D:4 (   D:7 [   D:8 (   D:9 ?=   D:12 !

Annotations:
D:9 Snorg
D:12 1 runed translucent door, icckedyourdad's ghost, journeyman TrMo


Innate Abilities, Weirdness & Mutations

You do not eat or drink.
Your flesh is vulnerable to fire.
You are immune to poison.
Your flesh is cold resistant. (rC+)
You are immune to negative energy. (rN+++)
You are immune to unholy pain and torment.
You can survive without breathing.
You are in touch with the powers of death.


Message History

You throw a curare-tipped dart.
The curare-tipped dart hits the dire elephant.
The dire elephant is poisoned.
The dire elephant convulses.
The dire elephant seems to slow down.
The dire elephant is lightly wounded.
Throwing (i - inventory. (/) - cycle)
f - 3 curare-tipped darts (quivered)
Press: ? - help, Shift-Dir - straight line, f - dire elephant, p - dire elephant
Aim: a dire elephant You throw a curare-tipped dart.
The curare-tipped dart hits the dire elephant.
The dire elephant looks as sick as possible!
The dire elephant convulses.
The dire elephant seems to be slow for longer.
The dire elephant is lightly wounded.
The dire elephant tramples you!!
* * * LOW HITPOINT WARNING * * *
You stumble backwards!
The dire elephant tramples you!!
You die...
Your body crumbles into a pile of gold.

##### ....# ....### ......#
......# #'##''###############
***********
8.8#....8##.≈≈##...(##*,,,**,,,,,
...#.....'..≈≈≈Y@YY?)#,,,,,+,,,,,
.#.####.8#.≈≈≈≈'(..$:#,,,,,*,,***
+#....####.≈≈≈≈#.(.=##,,,,,****,,
,####P...#≈≈≈≈P######*$,,,,*,,,,*
,* ####.###≈.###8.8##*,,***,****
,*#♣♣♣##...#####8.⌠.8#####..,###♣
##♣....###...........P..P..###...
♣.......♣########'''########♣....
........................#........


You could see 3 dire elephants.

Vanquished Creatures
  2 ice dragons (IceCv)
  5 hydras
  An anaconda (Lair:6)
  A death knight (D:9)
  Urug (D:10)
  Nergalle (Lair:3)
  3 deep elf magi (Orc:1)
  An unseen horror (D:12)
  Pikel (D:5)
  A deep elf archer (Orc:1)
  2 orc sorcerers (Orc:1)
  A cyclops (D:11)
  2 manticores (D:12)
  9 elephants (Lair:5)
  An ugly thing (D:11)
  A moth of wrath (Lair:6)
  A black mamba (Lair:4)
  2 ice statues (IceCv)
  3 torpor snails (Lair:6)
  4 spiny frogs
  2 centaur skeletons (D:11)
  5 rime drakes
  3 komodo dragons
  A kobold demonologist (D:11)
  2 freezing wraiths (D:9)
  9 tyrant leeches (Lair:6)
  4 trolls
  A polar bear (Lair:6)
  13 blink frogs (Lair:6)
  2 hornets
  2 dream sheep (D:12)
  8 hippogriffs
  A tarantella (shapeshifter) (D:13)
  3 wyverns
  2 basilisks
  A wraith (D:9)
  31 yaks
  A fire elemental (Lair:6)
  2 hungry ghosts
  A steam dragon (D:11)
  4 wargs (Orc:1)
  5 swamp worms (Lair:6)
  18 water moccasins
  Edmund (D:5)
  Duvessa (D:7)
  14 orc warriors
  A porcupine (Lair:1)
  25 ice beasts
  A phantom (D:5)
  3 necrophages
  3 sky beasts
  9 ogres
  2 black bears (D:7)
  An eye of draining (D:11)
  5 wolves (Lair:3)
  11 centaurs
  7 crocodiles
  4 big kobolds
  A gnoll sergeant (Orc:1)
  10 bullfrogs
  A wyvern zombie (D:6)
  2 scorpions
  7 wights
  The ghost of Trueduck the Sneak, a weakling NaTm (D:3)
  6 killer bees (D:11)
  4 electric eels (D:10)
  4 crimson imps
  6 hounds
  A quasit (D:6)
  3 jellies
  23 orc wizards
  8 orc priests
  2 bullfrog skeletons
  Ijyb (D:3)
  9 iguanas
  7 worker ants
  2 hound skeletons
  3 worker ant zombies
  4 gnolls (Orc:1)
  18 adders
  6 shadow imps
  5 oozes
  An adder skeleton (D:5)
  3 worms
  2 dart slugs
  9 leopard geckos
  53 orcs
  5 giant cockroaches
  8 hobgoblins
  10 jackals
  12 kobolds
  4 quokkas
  2 ball pythons
  5 bats
  4 frilled lizards
  11 goblins
  A jackal skeleton (D:4)
  A leopard gecko skeleton (D:7)
  A leopard gecko zombie (D:5)
  A quokka skeleton (D:8)
  13 rats
  3 plants (Lair:6)
535 creatures vanquished.

Vanquished Creatures (collateral kills)
  A deep elf mage (Orc:1)
  An orc sorcerer (Orc:1)
  2 orcs (D:10)
4 creatures vanquished.

Vanquished Creatures (others)
  A black mamba (Lair:5)
  A quasit (D:10)
  An orc (D:10)
  A butterfly (Lair:5)
  7 fungi
  17 plants
28 creatures vanquished.

Grand Total: 567 creatures vanquished

Notes
Turn   | Place    | Note
-------+----------+-------------------------------------------
     0 | D:1      | Inquire the Mummy Gladiator began the quest for the Orb.
     0 | D:1      | Reached XP level 1. HP: 16/16 MP: 1/1
   248 | D:2      | Reached XP level 2. HP: 14/22 MP: 2/2
   410 | D:2      | Reached XP level 3. HP: 7/28 MP: 3/3
  1030 | D:2      | Reached skill level 1 in Evocations
  1835 | D:3      | Reached XP level 4. HP: 34/34 MP: 5/5
  1902 | D:3      | Found a transporter.
  1907 | D:3      | Noticed Trueduck's ghost (weakling NaTm)
  2007 | D:3      | Found a shadowy altar of Dithmenos.
  2125 | D:3      | Noticed Ijyb
  2135 | D:3      | Killed Ijyb
  2155 | D:3      | Reached XP level 5. HP: 37/40 MP: 6/6
  2190 | D:3      | Found an iron altar of Okawaru.
  2190 | D:3      | Found a shimmering altar of Xom.
  2284 | D:3      | Found a transporter.
  2636 | D:4      | Found a basalt altar of Yredelemnul.
  2651 | D:4      | Found Hyhegus's Weapon Boutique.
  2659 | D:4      | Bought a +0 trident of freezing for 116 gold pieces
  2673 | D:4      | Found a bloodstained altar of Trog.
  2806 | D:4      | Found an ancient bone altar of Kikubaaqudgha.
  3043 | D:5      | Entered Level 5 of the Dungeon
  3043 | D:5      | Noticed Edmund
  3047 | D:5      | Killed Edmund
  3047 | D:5      | Reached skill level 1 in Polearms
  3047 | D:5      | Reached XP level 6. HP: 47/47 MP: 6/8
  3182 | D:5      | Reached skill level 2 in Polearms
  3248 | D:5      | Reached XP level 7. HP: 53/53 MP: 9/9
  3409 | D:7      | Reached skill level 3 in Polearms
  3493 | D:6      | Found a staircase to the Ecumenical Temple.
  3505 | Temple   | Entered the Ecumenical Temple
  3903 | D:6      | Reached XP level 8. HP: 14/61 MP: 11/11
  4066 | Temple   | Became a worshipper of Gozag Ym Sagoz the Greedy
  4124 | D:6      | Found a hazy altar of Hepliaklqana.
  4354 | D:6      | Found a burning altar of Makhleb.
  4532 | D:5      | Reached skill level 4 in Polearms
  4613 | D:5      | Reached skill level 5 in Evocations
  4764 | D:5      | Found a deep blue altar of Sif Muna.
  4806 | D:5      | Noticed Pikel
  4836 | D:5      | Killed Pikel
  4836 | D:5      | Reached skill level 5 in Fighting
  4836 | D:5      | Reached skill level 5 in Polearms
  5106 | D:3      | Killed Trueduck's ghost
  5274 | D:7      | Reached XP level 9. HP: 68/68 MP: 12/12
  5511 | D:7      | Noticed Dowan
  5573 | D:7      | Noticed Duvessa
  5578 | D:7      | Noticed Dowan
  5578 | D:7      | Dowan changed into Dowan the ooze
  5593 | D:7      | Killed Duvessa
  5595 | D:7      | Killed Dowan the ooze
  5749 | D:7      | Found Celets's Armour Shop.
  5757 | D:7      | Bought a scarf of resistance for 448 gold pieces
  5785 | D:7      | Found a glowing golden altar of the Shining One.
  6554 | D:8      | Reached skill level 6 in Polearms
  6736 | D:8      | Reached skill level 1 in Armour
  6793 | D:8      | Noticed Joseph
  6794 | D:8      | Noticed Joseph
  6794 | D:8      | Joseph changed into Joseph the rime drake
  6811 | D:8      | Killed Joseph the rime drake
  7142 | D:8      | You fall into a shaft and drop 1 floor!
  7149 | D:9      | Noticed a death knight
  7151 | D:9      | Noticed a freezing wraith
  7153 | D:9      | Noticed a freezing wraith
  7246 | D:8      | Found a sparkling altar of Nemelex Xobeh.
  7286 | D:8      | Reached XP level 10. HP: 75/77 MP: 13/13
  7407 | D:8      | Reached skill level 7 in Polearms
  7423 | D:8      | Found Zusu's Weapon Emporium.
  7538 | D:7      | Bought a +2 ring mail of fire resistance for 294 gold
                  | pieces
  7958 | D:9      | Found a blossoming altar of Fedhas.
  8159 | D:9      | Found Pounorei's Magic Scroll Emporium.
  8205 | D:9      | Bought a scroll of enchant weapon for 105 gold pieces
  8205 | D:9      | Bought a scroll of enchant armour for 105 gold pieces
  8205 | D:9      | Bought a scroll of magic mapping for 49 gold pieces
  8658 | D:10     | Entered Level 10 of the Dungeon
  8823 | D:10     | Reached skill level 8 in Polearms
  8823 | D:10     | Reached skill level 5 in Armour
  9032 | D:10     | Noticed Urug
  9061 | D:10     | Killed Urug
  9345 | D:11     | Noticed a cyclops
  9445 | D:11     | Reached XP level 11. HP: 84/86 MP: 14/14
  9530 | D:11     | Reached skill level 5 in Dodging
  9637 | D:11     | Noticed a red ugly thing
  9652 | D:11     | Killed a purple ugly thing
  9664 | D:11     | Noticed Snorg
  9953 | D:10     | Reached skill level 9 in Polearms
 10279 | D:10     | Found a staircase to the Orcish Mines.
 10471 | D:9      | Found a staircase to the Lair.
 10482 | Lair:1   | Entered Level 1 of the Lair of Beasts
 11667 | D:12     | Reached skill level 10 in Polearms
 11706 | D:12     | Killed an unseen horror
 11706 | D:12     | Reached XP level 12. HP: 87/95 MP: 15/15
 11783 | D:12     | Found Efomoch's Distillery.
 11833 | D:12     | Found a runed translucent door.
 12005 | D:12     | Noticed icckedyourdad's ghost (journeyman TrMo)
 12006 | D:12     | Identified the +8 trident of a bazaar {drain, *Contam rPois
                  | Int+6 Stlth-}
 12047 | D:12     | Noticed a three-headed hydra
 12054 | D:12     | Killed a three-headed hydra
 12360 | D:13     | Noticed a centaur warrior
 12521 | Orc:1    | Entered Level 1 of the Orcish Mines
 13668 | Orc:1    | Noticed a stone giant
 13695 | Orc:2    | Entered Level 2 of the Orcish Mines
 13798 | Orc:1    | Reached skill level 11 in Polearms
 14026 | D:9      | Killed a death knight
 14026 | D:9      | Reached skill level 10 in Fighting
 14821 | Lair:2   | Got a pair of shimmering gloves
 14885 | Lair:3   | Identified the cursed +0 pair of gloves of Inviolability
                  | {rC+ Int+3} (You found it on level 2 of the Lair of Beasts)
 14981 | Lair:3   | Noticed a seven-headed hydra
 14993 | Lair:3   | Killed a seven-headed hydra
 14993 | Lair:3   | Gained mutation: You are in touch with the powers of death.
                  | [Mummy growth]
 14993 | Lair:3   | Reached XP level 13. HP: 71/103 MP: 16/16
 15188 | Lair:3   | Noticed Nergalle
 15204 | Lair:3   | Killed Nergalle
 15859 | Lair:4   | Found a staircase to the Snake Pit.
 16867 | Lair:5   | Reached skill level 12 in Polearms
 17021 | Lair:5   | Found a staircase to the Slime Pits.
 17125 | Lair:5   | Found a bloodstained altar of Trog.
 17453 | Lair:6   | Entered Level 6 of the Lair of Beasts
 17480 | Lair:6   | Found a frozen archway.
 17488 | IceCv    | Entered an ice cave
 18723 | Lair:6   | Reached XP level 14. HP: 64/113 MP: 17/17
 19019 | Lair:6   | Reached skill level 13 in Polearms
 19944 | Lair:6   | HP: 5/114 [dire elephant (25)]
 19946 | Lair:6   | Mangled by a dire elephant

Levels and vault maps discovered:
D:1:      scummos_arrival_gate, layout_basic
D:2:      layout_rooms, roderic_roman_lattice
D:3:      layout_loops_ring, gammafunk_temple_overflow_pools,
          nicolae_dithmenos_through_a_glass_darkly, gammafunk_ghost_arena,
          uniq_ijyb
D:4:      layout_rooms, kennysheep_mini_moat, kiku_gazebo_pond_becter,
          lemuel_round_altar, serial_shops, shop, first_ration
D:5:      layout_gridville, lemuel_blue_sif_altar, uniq_pikel, uniq_edmund
D:6:      layout_rooms, nicolae_overflow_crystal_walls,
          minmay_temple_entry_butterflies, minmay_misc_feat_cross,
          makhleb_heckhound_becter
D:7:      layout_layer_cave, overflow_temple_1_default, serial_shops, shop,
          uniq_duvessa
D:8:      layout_loops_corners, nemelex_xobeh_ov_fountains_minmay, serial_shops,
          shop, uniq_joseph
D:9:      layout_grid_maze, fedhas_altar_1, lair_entry_dummy, serial_shops,
          shop_statue
D:10:     layout_rooms, erik_orc_2, uniq_urug
D:11:     layout_irregular_city, uniq_snorg
D:12:     layout_basic, serial_shops, nicolae_shop_crystal,
          ebering_ghost_funeral_grove, hangedman_ranch [blue_anna_fruit_fields],
          small_statue_intersection
D:13:     layout_basic, basic_altar, skrybe_limestone_x
Temple:   minmay_temple_bridge_abc
Lair:1:   layout_regular_city
Lair:2:   layout_roguey, minmay_shoals_entry_beasts, grunt_megastairs_5,
          infiniplex_staircase_pool, serial_bayou_shore_a, uniq_gastronok,
          uniq_sonja
Lair:3:   layout_concentric_octagons, chequers_serial_rivers_large_a,
          chequers_serial_rivers_micro_b, chequers_serial_rivers_marsh,
          uniq_nergalle
Lair:4:   layout_hall_layers, minmay_snake_entry_six_corridors,
          serial_bayou_pond_c
Lair:5:   layout_regular_city, nicolae_slime_entry_slimehenge, basic_altar,
          lemuel_fruit_fields
Lair:6:   due_jungle_book, layout_gridlike, portal_ice_cave_entry_ice_beasts,
          worms_lemuel, lemuel_fruit_fields
Orc:1:    layout_caves, elf_legates
Orc:2:    st_orc_ogre_mass, layout_caves, gauntlet_entry_generic,
          nicolae_orc_rockfall, uniq_jorgrun, uniq_azrael

Skill      XL: |  1  2  3  4  5  6  7  8  9 10 11 12 13 14 |
---------------+-------------------------------------------+-----
Maces & Flails | 3 |  3.8
Evocations     | 1 2 3 4 5 |  5.0
Fighting       | 3 4 5 6 7 9 10 11 | 11.7
Polearms       | 1 2 3 5 6 8 10 11 12 13 | 13.1
Dodging        | 4 7 9 |  9.0
Armour         | 3 5 6 7 8 |  8.0
Throwing       | |  1.5

Action                   |  1- 3 |  4- 6 |  7- 9 | 10-12 | 13-15 || total
-------------------------+-------+-------+-------+-------+-------++-------
Melee: Flail             |   117 |   117 |       |       |       ||   234
       Trident           |       |    91 |   379 |  1049 |   842 ||  2361
Throw: Throwing net      |     2 |     3 |       |     5 |       ||    10
       Boomerang         |       |       |     5 |     1 |       ||     6
       Dart              |       |       |    12 |    21 |    18 ||    51
Invok: Call Merchant     |       |       |       |     1 |       ||     1
       Potion Petition   |       |       |       |       |     2 ||     2
Evoke: Wand              |     7 |     8 |     9 |    67 |    11 ||   102
       Phantom mirror    |       |       |       |     1 |     1 ||     2
  Use: Scroll            |     7 |     2 |    15 |    16 |    12 ||    52
 Stab: Held in net/web   |     1 |       |       |     2 |       ||     3
       Sleeping          |       |     2 |     4 |     2 |       ||     8
       Distracted        |       |       |     1 |     7 |     3 ||    11
       Paralysed         |       |       |       |    37 |     4 ||    41
Armor: Leather armour    |    18 |       |       |       |       ||    18
       Ring mail         |    36 |    82 |   119 |   329 |   231 ||   797
Dodge: Dodged            |    96 |   141 |   232 |   553 |   454 ||  1476

Table legend:
 A = Non-vault XP
 B = Vault XP
 C = Vault XP percentage of total XP
 D = Non-vault monster count
 E = Vault monster count
 F = Vault count percentage of total count
                 A         B        C        D         E       F
            +---------+---------+-------+---------+---------+-------
      Total |   48002 |   22832 |  32.2 |     421 |     115 |  21.5
            +---------+---------+-------+---------+---------+-------
        D:1 |      38 |       0 |   0.0 |      21 |       0 |   0.0
        D:2 |      58 |       0 |   0.0 |      19 |       0 |   0.0
        D:3 |     163 |     118 |  42.0 |      34 |       6 |  15.0
        D:4 |     105 |       0 |   0.0 |      10 |       0 |   0.0
        D:5 |     531 |     846 |  61.4 |      19 |       2 |   9.5
        D:6 |     626 |      42 |   6.3 |      12 |       1 |   7.7
        D:7 |    1089 |     152 |  12.2 |      20 |       2 |   9.1
        D:8 |    1482 |     394 |  21.0 |      23 |       1 |   4.2
        D:9 |    5425 |       0 |   0.0 |      35 |       0 |   0.0
       D:10 |    2913 |    1543 |  34.6 |      36 |      21 |  36.8
       D:11 |    5222 |       0 |   0.0 |      40 |       0 |   0.0
       D:12 |    3173 |    2181 |  40.7 |      17 |       8 |  32.0
       D:13 |     464 |       0 |   0.0 |       5 |       0 |   0.0
     Lair:1 |    1544 |       0 |   0.0 |      10 |       0 |   0.0
     Lair:3 |    4780 |     991 |  17.2 |      23 |       2 |   8.0
     Lair:4 |    2132 |     960 |  31.0 |      11 |      12 |  52.2
     Lair:5 |    5322 |     108 |   2.0 |      11 |       5 |  31.2
     Lair:6 |    9238 |    7000 |  43.1 |      33 |      27 |  45.0
      Orc:1 |    3694 |    3256 |  46.8 |      41 |       8 |  16.3
      Orc:2 |       3 |       0 |   0.0 |       1 |       0 |   0.0
      IceCv |       0 |    5241 | 100.0 |       0 |      20 | 100.0
            +---------+---------+-------+---------+---------+-------
